 Dungeon Crawl Stone Soup version 0.30-b1-2-g02819fbbbe (webtiles) character file.

Game seed: 1580733200361928554

29665 Flugkiller the Cleaver (level 13, -8/116 HPs)
             Began as a Minotaur Fighter on May 8, 2023.
             Was a High Priest of Okawaru.
             Mangled by a wolf spider simulacrum (26 damage)
             ... on level 14 of the Dungeon.
             The game lasted 00:06:31 (12195 turns).

Flugkiller the Cleaver (Minotaur Fighter)          Turns: 12195, Time: 00:06:32

Health: -8/116     AC: 30    Str: 27    XL:     13   Next: 16%
Magic:  12/18      EV: 11    Int:  4    God:    Okawaru [*****.]
Gold:   444        SH:  9    Dex: 20    Spells: 12/12 levels left

rFire   + . .        a - +1 war axe
rCold   . . .        c - +0 buckler
rNeg    . . .        x - +0 plate armour
rPois   +            (helmet restricted)
rElec   .            D - +1 cloak of Okawaru's Castigation {rPois Dex+3}
rCorr   .            y - +1 pair of gloves
SInv    .            A - +4 pair of boots of Undesirable Species {rF+ Will- Str+5}
Will    .....        B - amulet of regeneration Stlth
                     j - +4 ring of slaying
HPRegen 1.19/turn    E - ring of flight
MPRegen 0.16/turn

%: no passive effects
@: heroic, spiked, flying
A: horns 2, retaliatory headbutt, iridescent scales 1, agile 1, deterioration 1
a: Renounce Religion, Heroism, Finesse, Duel


You were on level 14 of the Dungeon.
You worshipped Okawaru.
Okawaru was extremely pleased with you.
You visited 2 branches of the dungeon, and saw 15 of its levels.

You collected 924 gold pieces.
You spent 480 gold pieces at shops.

Inventory:

Hand Weapons
 a - a +1 war axe (weapon)
Armour
 b - a +0 scale mail
 c - a +0 buckler (worn)
 x - a +0 plate armour (worn)
   (You took it off an orc warrior on level 8 of the Dungeon)
 y - a +1 pair of gloves (worn)
   (You found it on level 3 of the Dungeon)
 A - the +4 pair of boots of Undesirable Species (worn) {rF+ Will- Str+5}
   (You found it on level 2 of the Dungeon)

   Str:       It affects your strength (+5).
   rF:        It protects you from fire.
   Will:      It decreases your willpower.
 D - the +1 cloak of Okawaru's Castigation (worn) {rPois Dex+3}
   (Okawaru gifted it to you on level 11 of the Dungeon)

   Dex:       It affects your dexterity (+3).
   rPois:     It protects you from poison.
Jewellery
 j - a +4 ring of slaying (left hand)
   (You found it on level 4 of the Dungeon)
 B - an amulet of regeneration (around neck)
   (You took it off a vampire on level 10 of the Dungeon)
 E - a ring of flight (right hand)
   (You found it on level 12 of the Dungeon)
Wands
 g - a wand of digging (3)
   (You found it on level 8 of the Dungeon)
 v - a wand of acid (9)
   (You found it on level 5 of the Dungeon)
Scrolls
 i - 3 scrolls of vulnerability
 l - a scroll of magic mapping
 n - 2 scrolls of immolation
 p - 3 scrolls of fear
 r - 5 scrolls of identify
 s - 5 scrolls of fog
 t - 2 scrolls of teleportation
 z - 3 scrolls of blinking
Potions
 d - a potion of might
 e - 3 potions of magic
 h - 6 potions of haste
 k - a potion of flight
 m - a potion of ambrosia
 o - 6 potions of mutation
 q - 7 potions of curing
 w - 3 potions of heal wounds
 C - a potion of invisibility
 G - 2 potions of cancellation


   Skills:
 + Level 11.3(16.3) Fighting
 * Level 14.9(19.9) Axes
 + Level 11.2(16.2) Armour
 + Level 11.2(16.2) Shields
 + Level 8.2 Invocations
 + Level 6.8 Evocations


You had 12 spell levels left.
You didn't know any spells.
Your spell library was empty.

Dungeon Overview and Level Annotations

Branches:
Dungeon (14/15)            Temple (1/1) D:6            Lair (0/5) D:11
    Orc (0/2) D:10         Vaults (0/5) D:14

Altars:
Ashenzari
Cheibriados
Dithmenos
Elyvilon
Fedhas
Gozag
Hepliaklqana
Kikubaaqudgha
Makhleb
Nemelex Xobeh
Okawaru
Qazlal
Ru
Sif Muna
Trog
Uskayaw
Vehumet
Wu Jian
Xom
Yredelemnul
Zin
The Shining One

Shops:
D:8 !   D:9 =**   D:13 (*


Innate Abilities, Weirdness & Mutations

You have a pair of horns on your head.
You reflexively headbutt those who attack you in melee.
You are partially covered in iridescent scales. (AC +2)
You are agile. (Dex +4, Str/Int -1)
Your body sometimes deteriorates upon taking damage.


Message History

The bolt of acid hits the eight-headed hydra!!
The eight-headed hydra is heavily wounded.
The bolt of acid hits the deep elf pyromancer!!
The deep elf pyromancer is heavily wounded.
The vault guard barely misses you.
Aiming: Corrosive Bolt
Press: ? - help, Shift-Dir - straight line, f - deep elf pyromancer, p - eight-headed hydra
Aim: a deep elf pyromancer, wielding a +0 long sword (heavily wounded, 64% to hit)
The bolt of acid misses the vault guard.
The bolt of acid hits the seven-headed hydra!!
The seven-headed hydra is heavily wounded.
The bolt of acid hits the deep elf pyromancer!!
The acid corrodes the deep elf pyromancer!
You kill the deep elf pyromancer!
Okawaru accepts your kill. You block the vault guard's attack.
You slash the vault guard! Your headbutt misses the vault guard.
The vault guard is severely wounded.
You hit the vault guard but do no damage.
The vault guard is severely wounded.
The vault guard hits you with a +0 war axe!
You completely miss the vault guard. You headbutt the vault guard!
The vault guard is almost dead.
The vault guard barely misses you.
You slash the vault guard!
You kill the vault guard!
Okawaru accepts your kill.
You chop one of the seven-headed hydra's heads off!
The six-headed hydra grows two more!
You slice the eight-headed hydra!!
The eight-headed hydra is heavily wounded.
The eight-headed hydra closely misses you.
The eight-headed hydra bites you but does no damage.
The eight-headed hydra barely misses you.
The eight-headed hydra bites you but does no damage.
The eight-headed hydra barely misses you.
The eight-headed hydra bites you!
You block the eight-headed hydra's attack.
The eight-headed hydra completely misses you.
You are too injured to fight recklessly!
You are too injured to fight recklessly!
Aiming: Corrosive Bolt
Press: ? - help, Shift-Dir - straight line, f - eight-headed hydra
Aim: an eight-headed hydra (heavily wounded, 91% to hit)
The bolt of acid hits the eight-headed hydra!!
The eight-headed hydra is severely wounded.
The bolt of acid hits the eight-headed hydra!!
The acid corrodes the eight-headed hydra!
The eight-headed hydra is severely wounded.
The bolt of acid hits the wraith.
The acid corrodes the wraith!
The wraith is lightly damaged.
The eight-headed hydra bites you but does no damage. x2
The eight-headed hydra barely misses you.
The eight-headed hydra completely misses you.
The eight-headed hydra barely misses you.
The eight-headed hydra bites you.
The eight-headed hydra closely misses you.
You block the eight-headed hydra's attack.
Aiming: Corrosive Bolt
Press: ? - help, Shift-Dir - straight line, f/p - eight-headed hydra
Aim: an eight-headed hydra (severely wounded, 91% to hit)
The bolt of acid hits the eight-headed hydra!
The eight-headed hydra is almost dead.
The bolt of acid hits the eight-headed hydra!
The eight-headed hydra is almost dead.
The bolt of acid misses the wraith.
You feel like a meek peon again.
The eight-headed hydra bites you but does no damage.
The eight-headed hydra closely misses you.
The eight-headed hydra bites you but does no damage. x2
The eight-headed hydra bites you. The eight-headed hydra bites you!
* * * LOW HITPOINT WARNING * * *
The eight-headed hydra bites you but does no damage. x2
Aiming: Corrosive Bolt
Press: ? - help, Shift-Dir - straight line, f/p - eight-headed hydra
Aim: an eight-headed hydra (almost dead, 91% to hit)
The bolt of acid hits the eight-headed hydra!
The acid corrodes the eight-headed hydra!
You kill the eight-headed hydra!
Okawaru accepts your kill.
The bolt of acid hits the eight-headed hydra!
You kill the eight-headed hydra!
Okawaru is honoured by your kill.
The bolt of acid hits the wraith!!
The wraith is severely damaged.
The manticore flicks its tail.
The volley of spikes hits you.
The barbed spikes become lodged in your body.
* * * LOW HITPOINT WARNING * * *
You slash the wraith!
You destroy the wraith!
Okawaru accepts your kill.
The manticore flicks its tail.
The volley of spikes hits you but does no damage.
You gain the combat prowess of a mighty hero.
You slice the wolf spider simulacrum!!
The wolf spider simulacrum is severely damaged.
The wolf spider simulacrum hits you!
* * * LOW HITPOINT WARNING * * *
The wolf spider simulacrum freezes you!!
You die...

...∩ +....# ..# ...
#....# #### .#..
##...# ... ##..#
##'## ##.# ##.).##
##.# ##..)).####..#
.##.......##...#.##
.......))HZ@...<.....
############....#####
######


You could see a manticore and a wolf spider simulacrum.

Vanquished Creatures
  4 vault guards (D:14)
  3 hydras
  A boulder beetle (D:12)
  4 centaur warriors
  4 two-headed ogres
  A tengu warrior (D:13)
  5 skeletal warriors (D:13)
  The ghost of MrCrawl the Reanimator, a novice DsNe (D:8)
  A deep elf pyromancer (D:14)
  An ugly thing (D:11)
  3 manticores
  4 cyclopes
  A guardian serpent (D:13)
  Maggie (D:7)
  An unseen horror (D:12)
  An efreet (D:14)
  A rime drake (D:11)
  3 trolls
  A hornet (D:11)
  Grinder (D:5)
  7 slime creatures
  2 shadows
  4 wraiths
  A wyvern (D:9)
  4 vampires
  13 yaks
  A steam dragon (D:9)
  7 vampire mosquitoes
  4 wargs (D:10)
  4 acid dragons
  4 ice beasts
  2 orc warriors
  3 sky beasts
  A black bear (D:7)
  3 ogres
  2 wolves (D:11)
  5 centaurs
  2 phantoms
  4 kobold brigands
  A bullfrog (D:7)
  3 scorpions
  12 killer bees
  A jelly (D:6)
  8 orc priests
  A hound (D:6)
  Jessica (D:2)
  2 iguanas
  4 orc wizards
  2 sleepcaps
  Natasha (thrice) (D:2)
  12 adders
  2 shadow imps
  An ufetubus (D:4)
  6 worms
  4 dart slugs
  16 orcs
  6 ball pythons
  9 endoplasms
  3 giant cockroaches
  16 goblins
  6 hobgoblins
  2 jackals (D:3)
  24 kobolds
  5 quokkas
  6 bats
  4 frilled lizards
  6 rats
281 creatures vanquished.

Vanquished Creatures (others)
  A plant (D:9)
1 creature vanquished.

Grand Total: 282 creatures vanquished

Notes
Turn   | Place    | Note
-------+----------+-------------------------------------------
     0 | D:1      | Flugkiller the Minotaur Fighter began the quest for the
                  | Orb.
     0 | D:1      | Reached XP level 1. HP: 19/19 MP: 0/0
    75 | D:1      | Reached XP level 2. HP: 20/27 MP: 1/1
   169 | D:1      | Reached skill level 3 in Axes
   367 | D:1      | Reached XP level 3. HP: 33/33 MP: 2/2
   401 | D:1      | Found a faded altar of an unknown god.
   641 | D:2      | Noticed Jessica
   655 | D:2      | Killed Jessica
   656 | D:2      | Reached XP level 4. HP: 30/40 MP: 3/3
   773 | D:2      | Reached skill level 4 in Axes
   844 | D:2      | Noticed Natasha
   851 | D:2      | Killed Natasha
   874 | D:2      | Identified the +4 pair of boots of Undesirable Species {rF+
                  | Will- Str+5}
   957 | D:2      | Reached XP level 5. HP: 47/47 MP: 4/4
  1126 | D:2      | Noticed Natasha
  1134 | D:2      | Killed Natasha
  1203 | D:2      | Noticed Natasha
  1218 | D:2      | Killed Natasha
  2286 | D:4      | Reached skill level 5 in Axes
  2328 | D:4      | You fall into a shaft and drop 2 floors!
  2333 | D:6      | Noticed an ogre
  2338 | D:6      | Gained mutation: Your body sometimes deteriorates upon
                  | taking damage. [potion of mutation]
  2338 | D:6      | Gained mutation: You occasionally shout uncontrollably at
                  | your foes. [potion of mutation]
  2338 | D:6      | Gained mutation: You are partially covered in iridescent
                  | scales. (AC +2) [potion of mutation]
  2338 | D:6      | Gained mutation: You have large cloven feet. [potion of
                  | mutation]
  2339 | D:6      | Lost mutation: You have large cloven feet. [potion of
                  | mutation]
  2339 | D:6      | Lost mutation: You occasionally shout uncontrollably at
                  | your foes. [potion of mutation]
  2339 | D:6      | Gained mutation: You are clumsy. (Dex -2) [potion of
                  | mutation]
  2339 | D:6      | Lost mutation: You are clumsy. (Dex -2) [potion of
                  | mutation]
  2339 | D:6      | Gained mutation: You are agile. (Dex +4, Str/Int -1)
                  | [potion of mutation]
  2345 | D:6      | Killed an ogre
  2346 | D:6      | Reached skill level 5 in Fighting
  2346 | D:6      | Reached skill level 5 in Armour
  2346 | D:6      | Reached skill level 5 in Shields
  2346 | D:6      | Reached XP level 6. HP: 29/56 MP: 5/5
  2562 | D:6      | Found a staircase to the Ecumenical Temple.
  2584 | D:6      | Noticed an ice beast
  2589 | D:6      | Killed an ice beast
  2607 | Temple   | Entered the Ecumenical Temple
  2673 | Temple   | Became a worshipper of Warmaster Okawaru
  2764 | D:6      | Reached skill level 6 in Axes
  2764 | D:6      | Reached XP level 7. HP: 56/61 MP: 6/6
  2885 | D:6      | Reached skill level 1 in Invocations
  2907 | D:5      | Entered Level 5 of the Dungeon
  3403 | D:5      | Noticed Grinder
  3404 | D:5      | Paralysed by Grinder for 4 turns
  3413 | D:5      | Killed Grinder
  3413 | D:5      | Reached * piety under Okawaru
  3414 | D:5      | Reached skill level 7 in Axes
  3414 | D:5      | Reached XP level 8. HP: 70/70 MP: 8/8
  3854 | D:5      | Found a snail-covered altar of Cheibriados.
  4658 | D:6      | Reached skill level 8 in Axes
  5091 | D:6      | Identified the +4 chain mail of Bitterness {rN+ Str+2
                  | Slay-4}
  5484 | D:7      | Reached skill level 1 in Evocations
  5607 | D:7      | Noticed a troll
  5624 | D:7      | Killed a troll
  5624 | D:7      | Reached ** piety under Okawaru
  5625 | D:7      | Reached XP level 9. HP: 34/79 MP: 7/10
  6026 | D:7      | Reached skill level 9 in Axes
  6100 | D:7      | Noticed Maggie
  6117 | D:7      | Killed Maggie
  6448 | D:8      | Noticed MrCrawl's ghost (novice DsNe)
  6455 | D:8      | Found a runed translucent door.
  6547 | D:8      | Found a shadowy altar of Dithmenos.
  6576 | D:8      | Found a glowing golden altar of the Shining One.
  6848 | D:8      | Killed MrCrawl's ghost
  6848 | D:8      | Reached *** piety under Okawaru
  6912 | D:8      | Found Zaidir Royhu's Distillery.
  6929 | D:8      | Bought a potion of heal wounds for 75 gold pieces
  6929 | D:8      | Bought a potion of heal wounds for 75 gold pieces
  6929 | D:8      | Bought a potion of curing for 45 gold pieces
  6929 | D:8      | Bought a potion of curing for 45 gold pieces
  6929 | D:8      | Bought a potion of mutation for 120 gold pieces
  6929 | D:8      | Bought a potion of mutation for 120 gold pieces
  6987 | D:8      | Reached skill level 10 in Axes
  7683 | D:9      | Found Guijifeo's General Store.
  7727 | D:9      | Reached XP level 10. HP: 77/88 MP: 12/12
  7829 | D:9      | Found Supomyer's General Store.
  7858 | D:9      | Noticed a two-headed ogre
  7865 | D:9      | Killed a two-headed ogre
  7866 | D:9      | Reached skill level 5 in Invocations
  7977 | D:9      | Reached **** piety under Okawaru
  7977 | D:9      | Received a gift from Okawaru
  8053 | D:9      | Reached skill level 11 in Axes
  8203 | D:9      | Found Wiucw's Jewellery Shoppe.
  8699 | D:10     | Entered Level 10 of the Dungeon
  8953 | D:10     | Reached ***** piety under Okawaru
  9112 | D:10     | Identified the +5 lajatang "Giantbane" {heavy, rF+ Int+2}
  9384 | D:10     | Found a staircase to the Orcish Mines.
  9393 | D:10     | Reached XP level 11. HP: 70/95 MP: 14/14
  9558 | D:11     | Noticed a white ugly thing
  9571 | D:11     | Killed a white ugly thing
  9572 | D:11     | Found a staircase to the Lair.
  9624 | D:11     | Reached skill level 12 in Axes
  9636 | D:11     | Identified the +1 cloak of Okawaru's Castigation {rPois
                  | Dex+3} (Okawaru gifted it to you on level 11 of the
                  | Dungeon)
  9636 | D:11     | Received a gift from Okawaru
  9833 | D:11     | Noticed a two-headed ogre
  9843 | D:11     | Killed a two-headed ogre
  9967 | D:11     | Noticed a two-headed ogre
  9975 | D:11     | Killed a two-headed ogre
 10056 | D:11     | Reached skill level 5 in Evocations
 10803 | D:12     | Reached skill level 13 in Axes
 11009 | D:12     | Reached skill level 10 in Fighting
 11009 | D:12     | Reached skill level 10 in Armour
 11108 | D:12     | Noticed a boulder beetle
 11128 | D:12     | Killed a boulder beetle
 11129 | D:12     | Reached skill level 10 in Shields
 11389 | D:13     | Reached XP level 12. HP: 96/106 MP: 16/16
 11507 | D:13     | Found Xibux's Weapon Shoppe.
 11575 | D:13     | Found Yraa's General Store.
 11576 | D:13     | Noticed a centaur warrior
 11576 | D:13     | Noticed a centaur warrior
 11581 | D:13     | Noticed a centaur warrior
 11585 | D:13     | Killed a centaur warrior
 11587 | D:13     | Killed a centaur warrior
 11587 | D:13     | Identified the +2 robe of Aniz {rC- rN+ rCorr Dex+2}
                  | (Okawaru gifted it to you on level 13 of the Dungeon)
 11587 | D:13     | Received a gift from Okawaru
 11592 | D:13     | Killed a centaur warrior
 11621 | D:13     | Reached skill level 14 in Axes
 11628 | D:13     | Noticed a tengu warrior
 11628 | D:13     | Noticed a two-headed ogre
 11785 | D:13     | Noticed a four-headed hydra
 11794 | D:13     | Killed a four-headed hydra
 11838 | D:13     | Killed a tengu warrior
 11843 | D:13     | Killed a two-headed ogre
 12139 | D:14     | Noticed a vault guard
 12139 | D:14     | Noticed a vault guard
 12140 | D:14     | Noticed a centaur warrior
 12141 | D:14     | Noticed a vault guard
 12142 | D:14     | Noticed a seven-headed hydra
 12145 | D:14     | Noticed a vault guard
 12145 | D:14     | Found a gate to the Vaults.
 12150 | D:14     | Killed a centaur warrior
 12159 | D:14     | Killed a vault guard
 12160 | D:14     | Noticed an eight-headed hydra
 12170 | D:14     | Killed a vault guard
 12171 | D:14     | Reached XP level 13. HP: 70/116 MP: 11/18
 12180 | D:14     | Received a gift from Okawaru
 12195 | D:14     | Mangled by a wolf spider simulacrum

Illustrated notes

Levels and vault maps discovered:
D:1:      roderic_dead_forest, layout_rooms,
          shapermc_ecumenical_altar_hornbeckon, minmay_misc_feat_enclosed,
          minmay_bisected
D:2:      layout_basic, minmay_tall_x, uniq_natasha, uniq_jessica
D:3:      layout_rooms, serial_co_window_serial, co_window_paths_b,
          co_window_paths_a, co_window_paths_b, co_window_of_opportunity_a,
          co_window_cross_1, co_window_2corner, co_window_of_opportunity_b,
          co_window_broadway_c, co_window_of_opportunity_c,
          co_window_unsneaky_path_b, co_window_corner_cb, co_window_corner_b,
          co_window_paths_d, co_window_4corner_b, glass_columns_a,
          glass_columns_a, glass_columns_a
D:4:      layout_rooms, serial_curves, eino_curves_03, eino_curves_04,
          eino_curves_02
D:5:      layout_layer_cave, cheibrodos_worm_habitat, portal_sewer_entry_b,
          chequers_serial_rivers_micro_a, minivault_24, nicolae_half_adder,
          uniq_grinder
D:6:      layout_cave_pods, minmay_temple_entry_waves, minmay_quadrilaterals
D:7:      layout_loops_corners, enter_bailey_5, uniq_maggie
D:8:      layout_basic, lemuel_doored_altar,
          mainiacjoe_overflow_surrounded_room, hellmonk_ghost_happy_afterlife,
          minmay_shop_grid_forest
D:9:      layout_irregular_city, serial_shops, nicolae_shop_stone,
          nicolae_shop_behind_doors, shop, serial_bayou_crossing
D:10:     layout_roguey, minmay_orc_entry_guard_dogs, corexii_hall_statues_l
D:11:     layout_loops_corners, hellmonk_lair_entry_icy
D:12:     layout_loops_corners, gauntlet_entry_generic, minmay_misc_feat_cross,
          minmay_unpleasant_kobolds
D:13:     layout_rooms, serial_shops, nicolae_shop_tiny_statue_garden, shop,
          nrook_guardian_serpent_double
D:14:     layout_loops_ring, lightli_vaults_fourway_checkpoint
Temple:   hellmonk_temple_of_storms

Skill      XL: |  1  2  3  4  5  6  7  8  9 10 11 12 |
---------------+-------------------------------------+-----
Axes           | 3 4 5 6 7 8 10 11 13 14 | 14.9
Shields        | 4 5 6 7 8 10 11 | 11.2
Fighting       | 4 5 6 7 8 10 11 | 11.3
Armour         | 4 5 6 7 9 10 11 | 11.2
Invocations    | 2 3 4 5 6 8 |  8.2
Evocations     | 1 3 4 5 6 |  6.8

Action                     |  1- 3 |  4- 6 |  7- 9 | 10-12 | 13-15 || total
---------------------------+-------+-------+-------+-------+-------++-------
  Melee: War axe           |    70 |   103 |   197 |   406 |    13 ||   789
         Headbutt          |     9 |    10 |    41 |   104 |     3 ||   167
 Invoke: Heroism           |       |       |     3 |     7 |     1 ||    11
         Finesse           |       |       |       |     1 |       ||     1
  Evoke: Wand              |       |       |       |     3 |     6 ||     9
    Use: Potion            |       |     4 |     5 |       |       ||     9
         Scroll            |       |       |    14 |     8 |       ||    22
 Armour: Scale mail        |    30 |    60 |    81 |       |       ||   171
         Plate armour      |       |       |     1 |   298 |    13 ||   312
  Dodge: Dodged            |    32 |    40 |    71 |   124 |    11 ||   278
  Block: Buckler           |    18 |    26 |    50 |   152 |     4 ||   250
